 Dungeon Crawl Stone Soup version 0.21-a0-633-g4c047d5 (webtiles) character file.

94 Alarkh the Slasher (level 4, 18/33 HPs)
             Began as a Demonspawn Skald on Dec 28, 2017.
             Got out of the dungeon alive.
             The game lasted 00:02:32 (1980 turns).

Alarkh the Slasher (Demonspawn Skald)               Turns: 1980, Time: 00:02:33

Health: 18/33      AC:  3    Str: 14 (15) XL:     4   Next: 38%
Magic:  6/7        EV: 12    Int: 12 (15) God:
Gold:   30         SH:  0    Dex: 12      Spells: 6/7 levels left

rFire    + . .     SeeInvis .   a - +0 falchion
rCold    . . .     Gourm    .   (no shield)
rNeg     . . .     Faith    .   b - +0 leather armour
rPois    .         Spirit   .   (no helmet)
rElec    .         Reflect  .   (no cloak)
rCorr    .         Harm     .   (no gloves)
MR       .....                  (no boots)
Stlth    +.........             (no amulet)
HPRegen  0.11/turn              e - +3 ring of strength
MPRegen  0.10/turn              (no ring)

@: no status effects
A: demonic guardian 1, fire resistance 1
a: no special abilities


You escaped.
You were not hungry.

You visited 1 branch of the dungeon, and saw 2 of its levels.

You collected 30 gold pieces.

Inventory:

Hand Weapons
 a - a +0 falchion (weapon)
Armour
 b - a +0 leather armour (worn)
Jewellery
 e - a +3 ring of strength (left hand)
Scrolls
 g - a scroll of magic mapping {unknown}
 k - 2 scrolls of identify {unknown}
Potions
 f - a potion of heal wounds
Books
 c - a book of Battle

   Spells                             Type                      Level
   a - Infusion                       Charms                       1
   b - Shroud of Golubria             Charms/Translocation         2
   c - Song of Slaying                Charms                       2
   d - Spectral Weapon                Hexes/Charms                 3
   e - Regeneration                   Charms/Necromancy            3
Comestibles
 d - 2 rations
 i - 3 chunks of flesh


   Skills:
 - Level 2.0 Fighting
 + Level 4.3 Long Blades
 - Level 0.8 Armour
 - Level 1.7 Dodging
 - Level 2.0 Spellcasting
 - Level 2.6 Charms


You had 6 spell levels left.
You knew the following spells:

 Your Spells              Type           Power        Failure   Level  Hunger
a - Infusion              Chrm           #...         11%         1    ##.....


Dungeon Overview and Level Annotations

Branches:
Dungeon (2/15)

Altars:
Qazlal


Innate Abilities, Weirdness & Mutations

A weak demonic guardian rushes to your aid.
Your flesh is heat resistant. (rF+)


Message History

You kill the kobold!
Things that are here:
a whip; a kobold corpse
(D) Dungeon
Where to? (Enter - D:2 @ (x,y), ? - help)
Okay, then.
You feel a little less clever now.
A goblin comes into view.
A hobgoblin comes into view.
You are starting to lose your buoyancy.
There is an open door here.
There is a staircase leading out of the dungeon here.
You hit the goblin.
You kill the goblin!
You can't go up here!
You float gracefully downwards.
There is a staircase leading out of the dungeon here.
You see here a goblin corpse.
Are you sure you want to leave the Dungeon?
This will make you lose the game!
You have escaped!

..........>.....)....###...#####
...........########...######
......##...########...#####
##.### #............⌠.##..#
#..............##..#
##.##########..##..# #.#
########...'..# #.#
#.....##..##..# #.#
#..@..'...##..# #.....##..##..#
########..##### #####..#####
g...........# #####...###.#
......## #.# #.###### #.# # .
#.#


There were no monsters in sight!

Vanquished Creatures
  An iguana (D:2)
  4 adders (D:2)
  A worm (D:2)
  2 dart slugs (D:1)
  A giant cockroach (D:1)
  4 goblins
  3 hobgoblins
  5 kobolds
  2 bats (D:2)
  3 frilled lizards
  2 rats
28 creatures vanquished.

Notes
Turn   | Place    | Note
-------+----------+-------------------------------------------
     0 | D:1      | Alarkh the Demonspawn Skald began the quest for the Orb.
     0 | D:1      | Reached XP level 1. HP: 16/16 MP: 3/3
   214 | D:1      | Reached skill level 2 in Long Blades
   302 | D:1      | Gained mutation: Your flesh is heat resistant. (rF+) [demonic ancestry]
   302 | D:1      | Reached XP level 2. HP: 14/22 MP: 0/5
   753 | D:1      | You fall through a shaft!
   900 | D:2      | Found a stormy altar of Qazlal.
  1078 | D:2      | Reached skill level 3 in Long Blades
  1078 | D:2      | Reached XP level 3. HP: 18/27 MP: 2/6
  1180 | D:1      | You fall through a shaft!
  1935 | D:2      | Reached skill level 4 in Long Blades
  1935 | D:2      | Gained mutation: A weak demonic guardian rushes to your aid. [demonic ancestry]
  1935 | D:2      | Reached XP level 4. HP: 14/33 MP: 2/7
  1980 | D:$      | Got out of the dungeon alive.

Vault maps used:
D:1:      dpeg_arrival_rooms_a
D:2:      nicolae_overflow_crystal_walls, kennysheep_generic_room_14

Skill      XL: |  1  2  3 |
---------------+----------+-----
Long Blades    | 2 3 4 |  4.3
Fighting       | |  2.0
Armour         | |  0.8
Dodging        | |  1.7
Spellcasting   | |  2.0
Charms         | |  2.6

Action                   |  1- 3 |  4- 6 || total
-------------------------+-------+-------++-------
Melee: Falchion          |    90 |     3 ||    93
 Cast: Infusion          |    16 |       ||    16
  Use: Potion            |     7 |       ||     7
 Stab: Sleeping          |     1 |       ||     1
  Eat: Chunk             |     3 |     1 ||     4
Armor: Leather armour    |    31 |     1 ||    32
       Skin              |     6 |       ||     6
Dodge: Dodged            |    63 |       ||    63
       Rpst.: Falchion   |    16 |       ||    16

Table legend:
 A = Spawn XP
 B = Non-spawn XP
 C = Spawn XP percentage of total XP
 D = Spawn monster count
 E = Non-spawn monster count
 F = Spawn count percentage of total count
 G = Total turns spent on level
                    A         B        C        D         E        F      G
               +---------+---------+-------+---------+---------+-------+---------
         Total |       0 |     135 |   0.0 |       0 |      28 |   0.0 |  1980
               +---------+---------+-------+---------+---------+-------+---------
           D:1 |       0 |      28 |   0.0 |       0 |      14 |   0.0 |   843
           D:2 |       0 |     107 |   0.0 |       0 |      14 |   0.0 |  1137
               +---------+---------+-------+---------+---------+-------+---------
